 Dungeon Crawl Stone Soup version 0.21-a0-615-g8e08f28 (webtiles) character file.

2200 shenanigans the Fighter (level 9, -4/75 HPs)
             Began as a Barachi Skald on Dec 23, 2017.
             Slain by Menkaure (12 damage)
             ... on level 7 of the Dungeon.
             The game lasted 00:25:21 (10121 turns).

shenanigans the Fighter (Barachi Skald)            Turns: 10121, Time: 00:25:22

Health: -4/75      AC: 15    Str: 13    XL:     9   Next: 34%
Magic:  12/12      EV:  7    Int: 16    God:
Gold:   376        SH:  0    Dex: 12    Spells: 11/12 levels left

rFire    . . .     SeeInvis .   v - +2 war axe (drain)
rCold    . . .     Gourm    .   (no shield)
rNeg     . . .     Faith    .   t - +0 chain mail
rPois    .         Spirit   .   (no helmet)
rElec    .         Reflect  .   f - +0 cloak
rCorr    .         Harm     .   w - +2 pair of gloves
MR       .....                  (no boots)
Stlth    ..........             (no amulet)
HPRegen  0.22/turn              (no ring)
MPRegen  0.13/turn              (no ring)

@: berserk cooldown, slowed, very slow
A: +LOS, swims, slowness 1, strong legs 1
a: Hop


You were on level 7 of the Dungeon.
You were not hungry.

You visited 1 branch of the dungeon, and saw 7 of its levels.

You collected 376 gold pieces.

Inventory:

Hand Weapons
 a - a +0 hand axe
 i - a +1 dagger of pain
 n - a +3 hand axe
 v - a +2 war axe of draining (weapon)
Missiles
 m - 11 tomahawks (quivered)
Armour
 f - a +0 cloak (worn)
 t - a +0 chain mail (worn)
 w - a +2 pair of gloves (worn)
Wands
 l - a wand of polymorph (16)
 q - a wand of digging (12)
Scrolls
 b - a scroll of enchant armour {unknown}
 g - 2 scrolls of remove curse {unknown}
 j - 5 scrolls of teleportation
 o - 4 scrolls of amnesia {unknown}
 p - 2 scrolls of noise {unknown}
 r - a scroll of magic mapping {unknown}
 s - a scroll of random uselessness {unknown}
 y - 3 scrolls of identify
Potions
 e - 2 potions of lignification {unknown}
 h - 3 potions of flight {unknown}
 k - a potion of berserk rage
 u - a potion of brilliance {unknown}
 x - a potion of resistance
 z - a potion of mutation {unknown}
 A - a potion of haste {unknown}
Books
 c - a book of Battle

   Spells                             Type                      Level
   a - Infusion                       Charms                       1
   b - Shroud of Golubria             Charms/Translocation         2
   c - Song of Slaying                Charms                       2
   d - Spectral Weapon                Hexes/Charms                 3
   e - Regeneration                   Charms/Necromancy            3
Comestibles
 d - 5 rations


   Skills:
 + Level 8.7 Fighting
 + Level 7.9 Axes
 + Level 8.4 Armour
 - Level 2.1 Dodging
 - Level 2.1 Spellcasting
 - Level 3.2 Charms


You had 11 spell levels left.
You knew the following spells:

 Your Spells              Type           Power        Failure   Level  Hunger
a - Infusion              Chrm           ##..         69%         1    #......


Dungeon Overview and Level Annotations

Branches:
Dungeon (7/15)
 Temple: D:4-7

Altars:

Annotations:
D:7 Menkaure


Innate Abilities, Weirdness & Mutations

Shadows flee at your approach. (+LOS)
You can swim through water.
You cover ground slowly.
You can hop short distances.


Message History

Menkaure calls on the powers of darkness!
Your body is wracked with pain!
* * * LOW HITPOINT WARNING * * *
You hit Menkaure.
Menkaure is moderately damaged.
You barely miss Menkaure.
Menkaure is moderately damaged.
Menkaure hits you!
* * * LOW HITPOINT WARNING * * *
You slash Menkaure!
Menkaure is almost destroyed.
You are no longer berserk.
You are exhausted.
You feel yourself slow down.
You hit Menkaure but do no damage.
Menkaure is almost destroyed.
Menkaure hits you!
* * * LOW HITPOINT WARNING * * *
Menkaure hits you!
You die...

# .#
####+#.##
#.......
#.....#
#.M...#
#.@...#
#.....#
#.<.###
#...#
#....#
#....#
#....#
+....#
#....#


You could see Menkaure.

Vanquished Creatures
  The ghost of louisi3 the Magician, an amateur DESu of Sif Muna (D:6)
  A water moccasin (D:5)
  2 ice beasts (D:5)
  A phantom (D:4)
  A centaur (D:5)
  2 bullfrogs (D:6)
  A gnoll sergeant (D:5)
  3 scorpions
  A howler monkey (D:3)
  2 crimson imps (D:5)
  5 orc priests
  A centaur skeleton (D:5)
  3 hounds
  A jelly (D:6)
  7 orc wizards
  3 iguanas
  8 worker ants
  15 gnolls
  12 adders
  A shadow imp (D:6)
  5 oozes
  An adder zombie (D:6)
  4 worms
  2 dart slugs
  3 leopard geckos
  17 orcs
  A ball python (D:5)
  4 giant cockroaches
  2 goblins (D:2)
  4 hobgoblins (D:1)
  12 jackals
  2 bats
  4 frilled lizards
  6 kobolds
  A leopard gecko skeleton (D:4)
  7 rats
  4 plants (D:1)
150 creatures vanquished.

Notes
Turn   | Place    | Note
-------+----------+-------------------------------------------
     0 | D:1      | shenanigans the Barachi Skald began the quest for the Orb.
     0 | D:1      | Reached XP level 1. HP: 17/17 MP: 3/3
   312 | D:1      | Reached XP level 2. HP: 10/23 MP: 5/5
  1702 | D:2      | Reached XP level 3. HP: 25/29 MP: 6/6
  2646 | D:2      | Reached XP level 4. HP: 25/35 MP: 1/7
  3787 | D:3      | Reached XP level 5. HP: 40/42 MP: 8/8
  4612 | D:3      | Reached XP level 6. HP: 49/49 MP: 9/9
  5322 | D:4      | Noticed a phantom
  5532 | D:3      | Reached skill level 5 in Fighting
  6087 | D:4      | Noticed a phantom
  6110 | D:4      | Killed a phantom
  6110 | D:4      | Reached XP level 7. HP: 49/56 MP: 10/10
  6331 | D:4      | Reached skill level 5 in Axes
  6353 | D:5      | Entered Level 5 of the Dungeon
  6361 | D:5      | Reached skill level 5 in Armour
  7571 | D:5      | Reached XP level 8. HP: 63/65 MP: 11/11
  7609 | D:5      | Found a transporter.
  7778 | D:5      | Found a transporter.
  8772 | D:6      | Noticed louisi3's ghost (amateur DESu)
  9035 | D:5      | Reached XP level 9. HP: 74/74 MP: 12/12
  9110 | D:6      | Killed louisi3's ghost
 10051 | D:7      | Noticed Menkaure
 10121 | D:7      | Slain by Menkaure

Vault maps used:
D:1:      saegor_arrival_simple_d, minmay_misc_feat_iff, serial_bayou_pond_d,
          wad_woods_river_04
D:2:      first_ration
D:5:      gammafunk_cloud_chamber, hangedman_decor_diamond_cutter,
          lightli_minifort
D:7:      minmay_temple_entry_enclosed_plants, uniq_menkaure

Skill      XL: |  1  2  3  4  5  6  7  8  9 |
---------------+----------------------------+-----
Fighting       | 3 4 5 6 8 |  8.7
Armour         | 2 3 4 6 7 8 |  8.4
Axes           | 3 4 5 7 |  7.9
Dodging        | |  2.1
Spellcasting   | |  2.1
Charms         | |  3.2

Action                   |  1- 3 |  4- 6 |  7- 9 || total
-------------------------+-------+-------+-------++-------
Melee: Hand axe          |   452 |   183 |    59 ||   694
       War axe           |       |       |   213 ||   213
Throw: Tomahawk          |       |     2 |     4 ||     6
 Cast: Infusion          |     1 |     7 |       ||     8
 Abil: Hop               |       |     3 |     2 ||     5
  Use: Scroll            |       |     5 |       ||     5
       Potion            |       |     2 |     2 ||     4
  Eat: Ration            |     1 |     1 |     1 ||     3
       Chunk             |     2 |    10 |    13 ||    25
Armor: Leather armour    |    51 |       |       ||    51
       Scale mail        |     2 |    78 |       ||    80
       Chain mail        |       |    16 |   272 ||   288
Dodge: Dodged            |   108 |    88 |   116 ||   312

Table legend:
 A = Spawn XP
 B = Non-spawn XP
 C = Spawn XP percentage of total XP
 D = Spawn monster count
 E = Non-spawn monster count
 F = Spawn count percentage of total count
 G = Total turns spent on level
                    A         B        C        D         E        F      G
               +---------+---------+-------+---------+---------+-------+---------
         Total |       0 |    3143 |   0.0 |       0 |     146 |   0.0 | 10121
               +---------+---------+-------+---------+---------+-------+---------
           D:1 |       0 |      41 |   0.0 |       0 |      16 |   0.0 |  2103
           D:2 |       0 |      92 |   0.0 |       0 |      24 |   0.0 |  1330
           D:3 |       0 |     289 |   0.0 |       0 |      21 |   0.0 |  1775
           D:4 |       0 |     296 |   0.0 |       0 |      18 |   0.0 |  1546
           D:5 |       0 |    1391 |   0.0 |       0 |      36 |   0.0 |  2039
           D:6 |       0 |    1034 |   0.0 |       0 |      31 |   0.0 |  1314
               +---------+---------+-------+---------+---------+-------+---------
